 Dungeon Crawl Stone Soup version 0.19.1 (webtiles) character file.

5 Gargoyl the Skirmisher (level 1, -16/17 HPs)
             Began as a Draconian Abyssal Knight on Dec 1, 2016.
             Was a Follower of Lugonu.
             Killed from afar by a lich (32 damage)
             ... with a bolt of acid
             ... on level 1 of the Abyss.
             The game lasted 00:00:31 (150 turns).

Gargoyl the Skirmisher (Draconian Abyssal Knight)    Turns: 150, Time: 00:00:32

Health: -16/17     AC:  4    Str: 14    XL:     1   Next: 66%
Magic:  2/2        EV:  6    Int: 12    God:    Lugonu [*.....]
Gold:   7          SH:  0    Dex: 10    Spells: 0 memorised, 0 levels left

rFire  . . .     SeeInvis .     a - +1 hand axe
rCold  . . .     Gourm    .     (armour unavailable)
rNeg   . . .     Faith    .     (no shield)
rPois  .         Spirit   .     (helmet restricted)
rElec  .         Reflect  .     (no cloak)
rCorr  .         Harm     .     (no gloves)
MR     .....                    (no boots)
Stlth  +.........               (no amulet)
                                (no ring)
                                (no ring)

@: petrifying, very slow
A: unfitting armour, horns 1, deterioration 1, frail 1, low mp 1, screaming 1,
no device heal 1, cold-blooded, AC +4
a: Depart the Abyss, Renounce Religion


You were on level 1 of the Abyss.
You worshipped Lugonu.
Lugonu was aware of your devotion.
You were not hungry.

You visited 0 branches of the dungeon, and saw 0 of its levels.
You visited the Abyss 1 time.

You collected 7 gold pieces.

Inventory:

Hand Weapons
 a - a +1 hand axe (weapon)
Jewellery
 c - an uncursed ring of see invisible {unknown}
Comestibles
 b - a bread ration


   Skills:
 + Level 3.5 Fighting
 + Level 2.1 Axes
 + Level 2.1 Dodging
 + Level 2.0 Invocations


You couldn't memorise any spells.
You didn't know any spells.

Dungeon Overview and Level Annotations

Branches:
Dungeon (0/15)

Altars:


Innate Abilities, Weirdness & Mutations

Your plain brown scales are hard. (AC +4)
You cannot fit into any form of body armour.
You are cold-blooded and may be slowed by cold attacks.
You have a pair of small horns on your head.
Your body sometimes deteriorates upon taking damage.
You are frail. (-10% HP)
Your magical capacity is low. (-10% MP)
You occasionally shout uncontrollably at your foes.
Potions and wands are less effective at restoring your health.


Message History

You feel yourself wasting away.
A golden eye comes into view.
A raiju comes into view.
The raiju barks!
The raiju stops to sniff the ground.
The neqoxec gestures at you.
Strange energies course through your body.
Your system partially rejects artificial healing.
You shout at the lich!
A lich comes into view.
The lich shouts!
You hear a roar!
The lich gestures at you while chanting.
You are slowing down.
The raiju stops to sniff the ground.
Unknown command.
Unknown command.
The lich casts a spell at you. The bolt of acid hits you!
Ouch! That really hurt!
You die...

.# #### ...# #..#
#..# ..##. .#...
#...#.#3###..
#......##.###
#...###....... #
#......###
#.#.....#### #.#
#......#L.#....#
........h.@....#
...#..##..#..####
#. ### #.....# ..
#ยง....#..
##.#..#..#
..##..#... ###
#.# #.#. .## ##


You could see a lich and a raiju.

Vanquished Creatures
  An ufetubus (Abyss:1)
1 creature vanquished.

Notes
Turn   | Place    | Note
-------+----------+-------------------------------------------
     0 | Abyss:1  | Gargoyl the Draconian Abyssal Knight began the quest for the Orb.
     0 | Abyss:1  | Reached XP level 1. HP: 19/19 MP: 2/2
    95 | Abyss:1  | Noticed a neqoxec
    96 | Abyss:1  | Gained mutation: You are frail. (-10% HP) [a neqoxec]
   101 | Abyss:1  | Gained mutation: You have a pair of small horns on your head. [a neqoxec]
   103 | Abyss:1  | Noticed a wretched star
   103 | Abyss:1  | Gained mutation: You occasionally shout uncontrollably at your foes. [a neqoxec]
   116 | Abyss:1  | Gained mutation: Your magical capacity is low. (-10% MP) [a neqoxec]
   140 | Abyss:1  | Gained mutation: Your body sometimes deteriorates upon taking damage. [a neqoxec]
   141 | Abyss:1  | Noticed a golden eye
   143 | Abyss:1  | Noticed a raiju
   145 | Abyss:1  | Gained mutation: Potions and wands are less effective at restoring your health. [a neqoxec]
   149 | Abyss:1  | Noticed a lich
   150 | Abyss:1  | Killed from afar by a lich

Action                   || total
-------------------------++-------
Melee: Hand axe          ||     5
       Tailslap          ||     2
Armor: Skin              ||     3
Dodge: Dodged            ||     9
